 Dungeon Crawl Stone Soup version 0.28-a0-631-g0446da8ef9 (webtiles) character file.

Game seed: 6182377995603269745

49270 kipponium the Thaumaturge (level 14, -11/121 HPs)
             Began as a White Draconian Transmuter on Oct 9, 2021.
             Was the Champion of Dithmenos.
             Killed from afar by a fire dragon (43 damage)
             ... with a blast of flame
             ... on level 5 of the Lair of Beasts.
             The game lasted 01:20:28 (20745 turns).

kipponium the Thaumaturge (DrTm)                   Turns: 20745, Time: 01:20:29

Health: -11/121    AC:  2    Str: 21    XL:     14   Next: 15%
Magic:  24/29      EV: 30    Int: 16    God:    Dithmenos [******]
Gold:   1258       SH:  0    Dex: 23    Spells: 8/35 levels left

rFire   . . .      SeeInvis .     - Unarmed
rCold   . . .      Faith    .   (shield currently unavailable)
rNeg    . . .      Spirit   .   (armour unavailable)
rPois   x          Reflect  .   (helmet currently unavailable)
rElec   .          Harm     .   (cloak currently unavailable)
rCorr   .          Rampage  .   (gloves currently unavailable)
Will    +....                   (boots currently unavailable)
Stlth   +++++++++.              F - amulet of regeneration
HPRegen 1.30/turn               z - +6 ring of dexterity
MPRegen 0.21/turn               J - +6 ring of strength

@: spider-form, wreathed by umbra, studying 2 skills
A: venomous fangs, (breathe frost), AC +8, tiny, unfitting armour, (cold
resistance 1), (cold-blooded)
a: End Transformation, Renounce Religion, Shadow Step, Shadow Form


You were on level 5 of the Lair of Beasts.
You worshipped Dithmenos.
Dithmenos was exalted by your worship.
You were a venomous arachnid creature.
You visited 2 branches of the dungeon, and saw 15 of its levels.
You also visited: Ice Cave and Volcano.

You collected 1258 gold pieces.

Inventory:

Hand Weapons
 I - the +8 hunting sling of the Illusory Bones {venom, rN+}
   (You found it on level 6 of the Dungeon)

   Any ammunition fired from it poisons the flesh of those it strikes.
   rN:        It protects you from negative energy.
Missiles
 b - 49 poisoned darts (quivered)
 A - 10 atropa-tipped darts
 M - a throwing net
 O - 5 datura-tipped darts
Armour
 a - a +0 pair of gloves (melded)
 f - a +0 cloak (melded)
 y - a +1 pair of boots (melded)
Jewellery
 z - a +6 ring of dexterity (left front leg)
 E - a ring of flight
 F - an amulet of regeneration (around neck)
 H - a ring of ice
 J - a +6 ring of strength (right front leg)
 Q - a ring of protection from fire
 T - a +4 ring of protection
Wands
 c - a wand of iceblast (12)
 s - a wand of acid (23)
 u - a wand of paralysis (11)
 D - a wand of digging (2)
 K - a wand of mindburst (29)
 N - a wand of flame (72)
Scrolls
 d - 2 scrolls of enchant weapon {unknown}
 e - 6 scrolls of magic mapping
 g - 3 scrolls of fog {unknown}
 h - a scroll of vulnerability {unknown}
 l - 4 scrolls of fear {unknown}
 m - 2 scrolls of silence {unknown}
 n - 6 scrolls of teleportation {unknown}
 p - a scroll of amnesia {unknown}
 q - 4 scrolls of noise {unknown}
 r - 2 scrolls of torment {unknown}
 v - a scroll of acquirement {unknown}
 C - 3 scrolls of holy word {unknown}
 R - a scroll of identify
 S - 3 scrolls of blinking {unknown}
Potions
 i - a potion of heal wounds
 j - 2 potions of haste
 k - a potion of magic
 o - 2 potions of might
 t - 3 potions of mutation {unknown}
 w - 3 potions of attraction
 x - 4 potions of flight
 B - 3 potions of brilliance
 G - 5 potions of curing
 L - 3 potions of invisibility
 P - a potion of resistance {unknown}


   Skills:
 + Level 10.1 Fighting
 - Level 10.0 Dodging
 - Level 10.0 Stealth
 - Level 10.0 Unarmed Combat
 + Level 11.2 Spellcasting
 * Level 11.0 Necromancy
 - Level 7.0 Transmutations
 - Level 7.0 Ice Magic
 - Level 0.4 Air Magic
 - Level 3.0 Poison Magic
 - Level 0.5 Invocations
 - Level 0.1 Evocations


You had 8 spell levels left.
You knew the following spells:

 Your Spells              Type           Power      Damage    Failure   Level
a - Beastly Appendage     Tmut           62%        N/A       3%          1
b - Wereblood             Tmut           31%        N/A       4%          2
c - Spider Form           Tmut/Pois      12%        N/A       11%         3
d - Ice Form              Ice/Tmut       31%        N/A       14%         4
e - Corpse Rot            Necr/Air       N/A        N/A       5%          2
f - Death Channel         Necr           22%        N/A       30%         6
g - Dispel Undead         Necr           44%        3d17      4%          4
h - Agony                 Necr           44%        N/A       9%          5

Your spell library contained the following spells:

 Spells                   Type           Power      Damage    Failure   Level
 Dazzling Flash           Conj/Hex       18%        N/A       45%         3
 Inner Flame              Hex/Fire       9%         N/A       45%         3
 Stone Arrow              Conj/Erth      18%        3d8       45%         3
 Cause Fear               Hex            4%         N/A       82%         4
 Silence                  Hex/Air        4%         N/A       97%         5
 Fireball                 Conj/Fire      4%         3d4       98%         5
 Iskenderun's Battlesphe  Conj           9%         2d6       98%         5
 Conjure Ball Lightning   Conj/Air       4%         3x3d6     100%        6
 Orb of Destruction       Conj           4%         9d2       100%        7
 Discord                  Hex            4%         N/A       100%        8
 Lehudib's Crystal Spear  Conj/Erth      4%         10d3      100%        8
 Animate Armour           Summ/Erth      Unusable   N/A       N/A         4

Dungeon Overview and Level Annotations

Branches:
Dungeon (10/15)            Temple (0/1) D:6            Lair (5/6) D:8
 Shoals (0/4) Lair:4        Snake (0/4) Lair:3          Orc (0/2) D:10
  IceCv (visited)         Volcano (visited)
  Slime: Lair:5-6

Altars:
Cheibriados
Dithmenos
Fedhas
Kikubaaqudgha
Makhleb
Wu Jian
Zin


Innate Abilities, Weirdness & Mutations

You are a venomous arachnid creature.
You have poisonous fangs.
You are tiny and dextrous.
Your spellcasting is less reliable in this form.
Your armour is entirely melded.
You are incapable of wielding weapons or throwing items.
((You can breathe waves of freezing cold which knock back foes.))
((Your icy white scales are hard. (AC +8)))
You cannot fit into any form of body armour.
((Your flesh is cold resistant. (rC+)))
((You are cold-blooded and may be slowed by cold attacks.))


Message History

The fire dragon is severely wounded.
Your shadow hits the fire dragon but does no damage.
The fire dragon bites you!
You emit a cloud of dark smoke.
The fire dragon completely misses you. x2
You hit the fire dragon but do no damage.
The fire dragon is severely wounded.
The fire dragon completely misses you. The fire dragon barely misses you.
The fire dragon closely misses you.
You hit the fire dragon but do no damage.
The fire dragon is severely wounded.
You barely miss the fire dragon.
The fire dragon is severely wounded.
The fire dragon breathes flames at you. The blast of flame misses you.
You barely miss the fire dragon.
The fire dragon is severely wounded.
The fire dragon closely misses you.
The fire dragon completely misses you. x2
You hit the fire dragon but do no damage.
The fire dragon is severely wounded.
The fire dragon bites you! The fire dragon claws you.
The fire dragon tramples you but does no damage.
You hit the fire dragon.
The fire dragon is severely wounded.
Your shadow hits the fire dragon but does no damage.
The fire dragon breathes flames at you. The blast of flame hits you!!
You hit the fire dragon.
The fire dragon looks as sick as possible!
The fire dragon is severely wounded.
Your shadow closely misses the fire dragon.
The fire dragon breathes flames at you. The blast of flame hits you!!
You emit a cloud of dark smoke.
The fire dragon breathes flames at you. The blast of flame hits you!
* * * LOW HITPOINT WARNING * * *
You hit the fungus.
The fungus begins to die.
The fungus is lightly damaged.
The fire dragon breathes flames at you. The blast of flame hits you!!!
You die...

##.P....P.###
.............#
...#.......### ##
#.###..§§§§§§# ≈#
####...§§§§§§##≈ ##)
##.§..§§D§§.#≈## #...
#.#...§§##§§#§≈## #....
##.....##P§§§§≈.##.§...
##...sP#.P.§§..≈...≈.8
##.......§§......≈...
##.÷....§§§..[......
#......§§##÷.......
#......###........#
#P....### #......D..
####..# #..#....(.
..P.. .....#.... ......
...........


You could see a fire dragon (very poisoned, catching breath).

Vanquished Creatures
  A boulder beetle (D:10)
  Harold (Lair:1)
  A hydra (Lair:2)
  Erica (Lair:2)
  A two-headed ogre (D:8)
  2 death yaks (Lair:4)
  Pikel (D:9)
  A necromancer (IceCv)
  5 elephants (Lair:5)
  An ice statue (IceCv)
  3 black mambas
  A molten gargoyle (Volcano)
  A gargoyle (D:9)
  14 cane toads
  Psyche (D:9)
  A torpor snail (Lair:2)
  3 freezing wraiths (IceCv)
  3 anaconda simulacra (IceCv)
  9 komodo dragons
  15 rime drakes
  12 ice devils (IceCv)
  2 efreet (Volcano)
  2 entropy weaver simulacra (IceCv)
  3 polar bears
  12 blink frogs
  A hornet (D:10)
  7 dream sheep
  Sigmund (D:5)
  2 shadows (D:7)
  5 wyverns
  Grum (D:9)
  Eustachio (D:6)
  6 basilisks
  3 fire elementals (Volcano)
  39 yaks
  8 steam dragons (Lair:5)
  2 wargs (D:10)
  2 death yak simulacra (IceCv)
  3 harpy simulacra (IceCv)
  Edmund (D:4)
  19 water moccasins
  An acid dragon (D:6)
  3 ice beasts
  4 black bears
  3 sky beasts (D:7)
  3 orc warriors
  A necrophage (D:6)
  10 centaurs
  5 wolves
  3 ogres
  3 lemures (D:9)
  2 kobold brigands
  11 bullfrogs
  An earth elemental (Volcano)
  4 cane toad simulacra (IceCv)
  A wyvern skeleton (D:5)
  3 scorpions
  A water moccasin zombie (D:5)
  A water moccasin skeleton (D:6)
  An elephant simulacrum (IceCv)
  8 wights
  5 electric eels
  A howler monkey (D:6)
  2 bullfrog zombies
  4 centaur zombies
  5 hounds
  9 orc priests
  2 bullfrog skeletons
  3 jellies
  2 iguanas
  7 orc wizards
  5 hell rats (Lair:3)
  A spriggan simulacrum (IceCv)
  4 wolf simulacra (IceCv)
  9 polar bear simulacra (IceCv)
  A hound skeleton (D:5)
  2 howler monkey zombies
  3 gnolls
  A howler monkey skeleton (D:6)
  6 adders
  A naga simulacrum (IceCv)
  A shadow imp (D:5)
  17 white imps
  2 ufetubi (IceCv)
  2 worms (D:3)
  A dart slug (D:5)
  29 orcs
  7 ball pythons
  12 endoplasms
  2 giant cockroaches (D:2)
  8 hobgoblins
  6 jackals (D:2)
  15 kobolds
  5 quokkas
  8 bats
  11 goblins
  A quokka zombie (D:4)
  6 rats
  3 fire vortices (Volcano)
476 creatures vanquished.

Vanquished Creatures (collateral kills)
  3 death yaks (Lair:4)
3 creatures vanquished.

Vanquished Creatures (others)
  A molten gargoyle (Volcano)
  A shadow (D:6)
  A fire vortex (Volcano)
  62 fungi
  74 plants
139 creatures vanquished.

Grand Total: 618 creatures vanquished

Notes
Turn   | Place    | Note
-------+----------+-------------------------------------------
     0 | D:1      | kipponium the Draconian Transmuter began the quest for the
                  | Orb.
     0 | D:1      | Reached XP level 1. HP: 16/16 MP: 3/3
   286 | D:1      | Reached XP level 2. HP: 8/23 MP: 3/5
   832 | D:1      | Found a faded altar of an unknown god.
   838 | D:1      | Became a worshipper of Dithmenos the Shadowed
   838 | D:1      | Reached * piety under Dithmenos
   989 | D:1      | Learned a level 2 spell: Wereblood
  1104 | D:2      | Reached XP level 3. HP: 28/28 MP: 6/6
  2313 | D:2      | Reached XP level 4. HP: 35/35 MP: 3/7
  2317 | D:2      | Reached ** piety under Dithmenos
  2361 | D:2      | Learned a level 3 spell: Spider Form
  2604 | D:3      | Reached skill level 5 in Transmutations
  2604 | D:3      | Reached skill level 1 in Poison Magic
  2604 | D:3      | Reached XP level 5. HP: 32/40 MP: 6/8
  3207 | D:3      | Reached skill level 1 in Ice Magic
  3491 | D:4      | Noticed Edmund
  3503 | D:4      | Killed Edmund
  3504 | D:4      | Reached XP level 6. HP: 26/47 MP: 6/9
  3670 | D:4      | Found an ancient bone altar of Kikubaaqudgha.
  3973 | D:4      | Reached *** piety under Dithmenos
  4019 | D:4      | Your scales start taking on an icy white colour.
  4019 | D:4      | Reached XP level 7. HP: 55/55 MP: 7/10
  4019 | D:4      | Gained mutation: Your flesh is cold resistant. (rC+) [White
                  | Draconian growth]
  4040 | D:4      | Reached skill level 5 in Unarmed Combat
  4337 | D:4      | Learned a level 4 spell: Ice Form
  4558 | D:4      | Reached skill level 1 in Stealth
  4702 | D:4      | Found a glowing silver altar of Zin.
  4702 | D:4      | Found a blossoming altar of Fedhas.
  4986 | D:5      | Entered Level 5 of the Dungeon
  5594 | D:5      | Reached XP level 8. HP: 62/62 MP: 7/11
  5611 | D:5      | Noticed Sigmund
  5655 | D:5      | Killed Sigmund
  5925 | D:5      | Reached skill level 5 in Stealth
  6118 | D:5      | Reached skill level 5 in Ice Magic
  6652 | D:6      | Reached XP level 9. HP: 22/68 MP: 10/12
  6916 | D:6      | Noticed Eustachio
  6929 | D:6      | Killed Eustachio
  7059 | D:6      | Found a staircase to the Ecumenical Temple.
  7121 | D:6      | Found a burning altar of Makhleb.
  7874 | D:6      | Identified the +8 hunting sling of the Illusory Bones
                  | {venom, rN+}
  8167 | D:7      | Reached skill level 10 in Unarmed Combat
  8198 | D:7      | HP: 2/70 [orc priest/divine providence (10)]
  8688 | D:7      | Found an ornate altar of the Wu Jian Council.
  9201 | D:7      | Reached XP level 10. HP: 77/77 MP: 8/13
  9458 | D:7      | You are sucked into a shaft and drop 3 floors!
  9458 | D:10     | Entered Level 10 of the Dungeon
  9891 | D:7      | Found the +5 robe of Night {Dark Will+ SInv}
 10169 | D:8      | Reached **** piety under Dithmenos
 10234 | D:8      | Reached skill level 5 in Fighting
 10642 | D:8      | Found a staircase to the Lair.
 10742 | D:8      | Reached skill level 10 in Stealth
 10896 | D:9      | Noticed a two-headed ogre
 10974 | D:9      | Noticed Pikel
 10990 | D:9      | Killed Pikel
 10991 | D:9      | Reached skill level 5 in Dodging
 12197 | D:9      | Noticed a gargoyle
 12207 | D:9      | Killed a gargoyle
 12208 | D:9      | Reached XP level 11. HP: 89/89 MP: 10/14
 12698 | D:8      | Killed a two-headed ogre
 12834 | D:9      | Noticed Grum
 12871 | D:9      | Killed Grum
 13287 | D:9      | Noticed Psyche
 13296 | D:9      | Killed Psyche
 13376 | D:10     | Found a shadowy altar of Dithmenos.
 13445 | D:10     | Reached ***** piety under Dithmenos
 13467 | D:10     | Reached skill level 1 in Necromancy
 13468 | D:10     | Noticed a boulder beetle
 13477 | D:10     | Killed a boulder beetle
 13684 | D:10     | Found a staircase to the Orcish Mines.
 13941 | D:10     | Found a snail-covered altar of Cheibriados.
 14366 | Lair:1   | Entered Level 1 of the Lair of Beasts
 14370 | Lair:1   | Learned a level 2 spell: Corpse Rot
 15142 | Lair:1   | Noticed Harold
 15148 | Lair:1   | Killed Harold
 15241 | Lair:1   | Reached XP level 12. HP: 100/100 MP: 12/17
 15683 | Lair:2   | Found a frozen archway.
 15750 | IceCv    | Entered an ice cave
 16183 | IceCv    | Reached skill level 5 in Spellcasting
 16231 | IceCv    | Reached skill level 10 in Dodging
 16235 | IceCv    | Reached skill level 5 in Necromancy
 16351 | IceCv    | HP: 6/121 [entropy weaver simulacrum (2)]
 16351 | IceCv    | HP: 1/121 [entropy weaver simulacrum (5)]
 16577 | IceCv    | Found an ancient bone altar of Kikubaaqudgha.
 16892 | Lair:2   | Noticed Erica
 16903 | Lair:2   | Killed Erica
 17078 | Lair:2   | Reached ****** piety under Dithmenos
 17202 | Lair:2   | Reached XP level 13. HP: 108/108 MP: 23/23
 17465 | Lair:3   | Found a dark tunnel.
 17475 | Volcano  | Entered a volcano
 18066 | Lair:3   | Learned a level 6 spell: Death Channel
 18093 | Lair:3   | Learned a level 4 spell: Dispel Undead
 18099 | Lair:3   | Learned a level 5 spell: Agony
 18208 | Lair:3   | Found a staircase to the Snake Pit.
 19196 | Lair:4   | Found a staircase to the Shoals.
 19401 | Lair:4   | Found a blossoming altar of Fedhas.
 19492 | Lair:4   | Reached skill level 10 in Necromancy
 19509 | Lair:4   | Reached skill level 10 in Spellcasting
 20315 | Lair:5   | Reached XP level 14. HP: 79/118 MP: 18/28
 20451 | Lair:5   | Reached skill level 10 in Fighting
 20745 | Lair:5   | Killed from afar by a fire dragon

Illustrated notes

Levels and vault maps discovered:
D:1:      dpeg_arrival_orchard, layout_loops_cross,
          ebering_ecumenical_altar_box, roderic_serpentine_path
D:2:      layout_basic
D:3:      minmay_recursive_quarters, layout_rooms
D:4:      layout_loops_ring, amcnicky_altar_gilded,
          gammafunk_temple_overflow_wave, minmay_manual_mess, uniq_edmund
D:5:      minmay_bubble_buster, layout_basic, chequers_serial_rivers_micro_d,
          serial_bayou_lagoon_a, uniq_sigmund
D:6:      layout_loops_ring, mainiacjoe_overflow_alcove_4,
          minmay_temple_entry_arrows, minivault_5, minmay_holes, nrook_campfire,
          uniq_eustachio
D:7:      layout_loops_corners, nzn_wu_jian_contemplation,
          hellmonk_guarded_unrand_night
D:8:      layout_cave_pools, due_lair_maze_entry_diamond
D:9:      layout_basic, uniq_pikel, uniq_grum, uniq_psyche
D:10:     layout_roguey, nicolae_dithmenos_shadow_blocks, cheibriados_altar_1,
          erik_orc_3, st_stairs_4, chequers_serial_rivers_small_b
Lair:1:   layout_loops_ring, uniq_harold
Lair:2:   nzn_winding_woodlands_stair_cross
          [nzn_winding_woodlands_5x15_river_crossing,
          nzn_winding_woodlands_center_diamonds,
          nzn_winding_woodlands_5x15_cabin,
          nzn_winding_woodlands_5x5_closed_star,
          nzn_winding_woodlands_5x5_perimeter,
          nzn_winding_woodlands_5x15_garden, nzn_winding_woodlands_center_lodge,
          nzn_winding_woodlands_5x15_pockets], layout_hall_layers,
          portal_ice_cave_entry_imps, infiniplex_staircase_pool, uniq_erica
Lair:3:   layout_cave_pods, minmay_snake_entry_six_corridors, enter_volcano_1
Lair:4:   layout_cave_pods, minmay_shoals_entry_centaurs, basic_altar
Lair:5:   layout_misc_corridors, bobbens_dragon_lair_wall, lemuel_fruit_tree

Skill      XL: |  1  2  3  4  5  6  7  8  9 10 11 12 13 14 |
---------------+-------------------------------------------+-----
Transmutations | 3 4 5 6 7 |  7.0
Poison Magic   | 1 2 3 |  3.0
Ice Magic      | 1 3 5 7 |  7.0
Unarmed Combat | 4 6 7 10 | 10.0
Fighting       | 2 3 5 7 8 9 10 | 10.1
Stealth        | 2 5 7 10 | 10.0
Dodging        | 2 5 9 10 | 10.0
Necromancy     | 3 7 10 11 | 11.0
Spellcasting   | 3 7 10 11 | 11.2
Air Magic      | |  0.4
Invocations    | |  0.5
Evocations     | |  0.1

Action                   |  1- 3 |  4- 6 |  7- 9 | 10-12 | 13-15 || total
-------------------------+-------+-------+-------+-------+-------++-------
Melee: Unarmed           |   116 |   167 |   253 |   542 |   326 ||  1404
       Kick              |    24 |    45 |    52 |    28 |    27 ||   176
       Headbutt          |     9 |    19 |    32 |    14 |    15 ||    89
       Tailslap          |     6 |    14 |    28 |    11 |     7 ||    66
       Punch             |       |     2 |     7 |     7 |     3 ||    19
Throw: Dart              |       |     9 |    13 |    43 |     1 ||    66
 Cast: Beastly Appendage |    28 |    20 |    29 |    17 |     7 ||   101
       Wereblood         |     1 |     6 |     3 |    20 |    13 ||    43
       Spider Form       |       |     1 |     7 |     9 |     2 ||    19
       Ice Form          |       |       |     7 |    45 |    25 ||    77
       Corpse Rot        |       |       |       |     1 |     4 ||     5
       Death Channel     |       |       |       |       |     1 ||     1
       Agony             |       |       |       |       |     1 ||     1
Invok: Shadow Step       |       |       |     2 |       |       ||     2
 Abil: Breathe Frost     |       |       |     2 |     4 |       ||     6
Evoke: Wand              |       |       |    10 |    25 |     6 ||    41
  Use: Potion            |       |       |     3 |     9 |     1 ||    13
       Scroll            |       |       |       |    10 |     1 ||    11
 Stab: Sleeping          |     1 |       |    10 |    11 |    19 ||    41
       Paralysed         |       |       |     4 |     3 |       ||     7
       Distracted        |       |       |       |     3 |       ||     3
       Invisible         |       |       |       |     3 |       ||     3
Armor: Skin              |    25 |    39 |    61 |   132 |    78 ||   335
Dodge: Dodged            |    80 |    88 |   154 |   399 |   263 ||   984

Table legend: (Time is in decaauts)
 A = Elapsed time spent in this place.
 B = Non-inter-level travel time spent in this place.
 C = Inter-level travel time spent in this place.
 D = Time resting spent in this place.
 E = Time spent auto-exploring this place.
 F = Levels seen in this place.
 G = Mean time per level.
                   A        B        C        D        E       F      G
               +--------+--------+--------+--------+--------+-----+--------+
         Total |  20644 |  20067 |    577 |   5920 |   8702 |  17 | 1214.4 |
       Dungeon |  14345 |  13828 |    517 |   4539 |   6182 |  10 | 1434.5 |
          Lair |   4811 |   4752 |     59 |    833 |   2419 |   5 |  962.2 |
      Ice Cave |   1000 |   1000 |      0 |    332 |    100 |   1 | 1000.0 |
       Volcano |    488 |    488 |      0 |    216 |      0 |   1 |  488.0 |
               +--------+--------+--------+--------+--------+-----+--------+

Top non-repeatable levels by time:
     D:9: 2103 daAuts
     D:6: 1907 daAuts
     D:7: 1676 daAuts
     D:4: 1662 daAuts
     D:5: 1637 daAuts
     D:2: 1362 daAuts
  Lair:1: 1270 daAuts
  Lair:3: 1221 daAuts
     D:8: 1050 daAuts
     D:1: 1047 daAuts
    D:10: 1002 daAuts
   IceCv: 1000 daAuts
     D:3: 894 daAuts
  Lair:4: 875 daAuts
  Lair:5: 726 daAuts
